 Dungeon Crawl Stone Soup version 0.26.1-2-gb8aa6d0cf2 (webtiles) character file.

Game seed: 17713690169702535350

995 sizableburger the Conjurer (level 7, 0/50 HPs)
             Began as a Demigod Conjurer on Mar 18, 2021.
             Slain by a scorpion (3 damage)
             ... on level 5 of the Dungeon.
             The game lasted 00:14:13 (6669 turns).

sizableburger the Conjurer (Demigod Conjurer)       Turns: 6669, Time: 00:14:14

Health: 0/50       AC: 11    Str: 18    XL:     7   Next: 66%
Magic:  4/15       EV: 12    Int: 24    God:
Gold:   275        SH:  5    Dex: 14    Spells: 6/13 levels left

rFire    . . .     SeeInvis +   t - +0 spear
rCold    . . .     Faith    .   (no shield)
rNeg     . . .     Spirit   .   o - +0 ring mail
rPois    .         Reflect  +   m - +1 helmet
rElec    .         Harm     .   (no cloak)
rCorr    .         Rampage  .   l - +2 pair of gloves
Will     .....                  (no boots)
Stlth    +.........             k - amulet of reflection
HPRegen  0.16/turn              d - +6 ring of strength
MPRegen  0.14/turn              e - ring of see invisible

@: lethally poisoned (0 -> -8), about to teleport
A: high mp 1
a: no special abilities


You were on level 5 of the Dungeon.
You visited 1 branch of the dungeon, and saw 5 of its levels.

You collected 275 gold pieces.

Inventory:

Hand Weapons
 t - a +0 spear (weapon)
Armour
 a - a +0 robe
 f - a +0 leather armour
 l - a +2 pair of gloves (worn)
 m - a +1 helmet (worn)
 o - a +0 ring mail (worn)
Jewellery
 d - a +6 ring of strength (left hand)
 e - a ring of see invisible (right hand)
 k - an amulet of reflection (around neck)
 v - an uncursed ring of flight
 y - an uncursed ring of ice
Wands
 i - a wand of iceblast (13)
 s - a wand of acid (4)
 u - a wand of flame (19)
 A - a wand of polymorph (7)
Scrolls
 b - 2 scrolls of immolation
 c - 5 scrolls of remove curse
 g - 2 scrolls of amnesia {unknown}
 h - a scroll of random uselessness {unknown}
 j - 2 scrolls of blinking {unknown}
 q - a scroll of teleportation
 w - 2 scrolls of identify
Potions
 n - a potion of mutation {unknown}
 p - a potion of haste
 r - 2 potions of flight {unknown}
 x - a potion of berserk rage {unknown}
 z - a potion of curing {unknown}


   Skills:
 + Level 1.7 Polearms
 + Level 3.2 Armour
 - Level 3.0 Dodging
 - Level 1.7 Stealth
 - Level 3.5 Spellcasting
 + Level 5.9 Conjurations
 + Level 3.4 Hexes


You had 6 spell levels left.
You knew the following spells:

 Your Spells              Type           Power        Failure   Level
a - Magic Dart            Conj           100%         1%          1
b - Searing Ray           Conj           66%          2%          2
c - Fulminant Prism       Conj/Hex       13%          26%         4

Your spell library contained the following spells:

 Spells                   Type           Power        Failure   Level
 Dazzling Flash           Conj/Hex       52%          8%          3
 Iskenderun's Mystic Bla  Conj/Tloc      18%          45%         4


Dungeon Overview and Level Annotations

Branches:
Dungeon (5/15)             Temple (0/1) D:5

Shops:
D:5 [=(*

Annotations:
D:5 Duvessa, Menkaure, Prince Ribbit


Innate Abilities, Weirdness & Mutations

You have an increased reservoir of magic. (+10% MP)


Message History

As you read the scroll of teleportation, it crumbles to dust.
You feel strangely unstable.
You feel sick. Duvessa closely misses you. You block Duvessa's attack.
The scorpion stings you.
Casting: Searing Ray (safe; 2% risk of failure)
Confirm with . or Enter, or press ? or * to list all spells.
The spell is quite dangerous to cast (26% risk of failure)!
Continue anyway?
Okay, then.
Casting: Fulminant Prism (quite dangerous; 26% risk of failure)
Confirm with . or Enter, or press ? or * to list all spells.
Aiming: Searing Ray (safe; 2% risk of failure)
Press: ? - help, Shift-Dir - straight line, f/p - Duvessa
Aim: Duvessa, wielding a +2 short sword of speed and wearing a +1 chain mail of positive energy (heavily wounded, berserk, covered in acid, 12% to evade)
The searing ray hits Duvessa!
Duvessa is heavily wounded. (Press . to maintain the ray.) Duvessa barely misses you.
Duvessa hits you with a +2 short sword of speed!
* * * LOW HITPOINT WARNING * * *
The scorpion stings you.
You die...

##....##.....#####....
#....#...............
##.....#.....####.≈≈≈
#....#..#...# #≈≈≈≈
#.##.#..#..8####≈≈∩.
###..#.#....#....#≈≈≈≈
#.....(...###<##...≈≈≈
####.(...e.#.#
#.###.####
#......s@....# #∩#
#....# #..##.......#.#
#.# ##...# .s[.
#.......# # .8.....#..
F..# #.......#
#..###..... ..
#.......# #.## #.._..
. ######### #. #.....
#. #._..♣ #. #.....
#.....


You could see Duvessa (berserk, corroded) and a scorpion.

Vanquished Creatures
  Eustachio (D:5)
  2 sky beasts (D:5)
  Dowan (D:5)
  2 hounds
  A bullfrog skeleton (D:4)
  2 orc priests
  A centaur skeleton (D:5)
  3 iguanas
  4 orc wizards
  A worker ant (D:4)
  2 killer bee zombies (D:5)
  A gnoll (D:1)
  10 adders
  An ooze (D:1)
  3 worms
  2 dart slugs (D:2)
  4 leopard geckos
  14 orcs
  3 bats
  7 giant cockroaches
  4 goblins
  5 hobgoblins
  2 jackals (D:3)
  A quokka (D:4)
  A ball python (D:5)
  9 frilled lizards
  A jackal skeleton (D:4)
  5 kobolds
  9 rats
102 creatures vanquished.

Notes
Turn   | Place    | Note
-------+----------+-------------------------------------------
     0 | D:1      | sizableburger the Demigod Conjurer began the quest for the
                  | Orb.
     0 | D:1      | Reached XP level 1. HP: 14/14 MP: 5/5
    70 | D:1      | Reached skill level 4 in Conjurations
   137 | D:1      | Reached XP level 2. HP: 20/20 MP: 4/7
   185 | D:1      | Learned a level 2 spell: Searing Ray
   641 | D:1      | Reached XP level 3. HP: 13/26 MP: 5/8
  2027 | D:2      | Reached XP level 4. HP: 27/33 MP: 3/10
  2192 | D:2      | Learned a level 4 spell: Fulminant Prism
  2413 | D:3      | Found an ornate altar of the Wu Jian Council.
  2988 | D:3      | Found a shadowy altar of Dithmenos.
  3767 | D:3      | Reached skill level 1 in Hexes
  3767 | D:3      | Reached XP level 5. HP: 37/38 MP: 5/11
  4120 | D:5      | Entered Level 5 of the Dungeon
  4120 | D:5      | Noticed a sky beast
  4135 | D:5      | Killed a sky beast
  4136 | D:5      | Reached skill level 1 in Armour
  4136 | D:5      | Reached skill level 5 in Conjurations
  4157 | D:4      | Reached XP level 6. HP: 41/45 MP: 1/13
  4331 | D:5      | Found a staircase to the Ecumenical Temple.
  4580 | D:5      | Noticed Eustachio
  5502 | D:4      | Reached XP level 7. HP: 50/50 MP: 15/15
  5662 | D:3      | You fall into a shaft and drop 1 floor!
  5747 | D:5      | Killed Eustachio
  5748 | D:5      | Reached skill level 1 in Polearms
  5917 | D:5      | Found Quesunei's Jewellery Emporium.
  5933 | D:5      | Found an opulent altar of Gozag.
  5963 | D:5      | Found Kido's Assorted Antiques.
  6001 | D:5      | Noticed Dowan
  6109 | D:5      | Found a burning altar of Makhleb.
  6109 | D:5      | Found a hide-covered altar of Uskayaw.
  6110 | D:5      | Found a shadowy altar of Dithmenos.
  6110 | D:5      | Found a bloodstained altar of Trog.
  6112 | D:5      | Found a radiant altar of Vehumet.
  6129 | D:5      | Found Ikiex's Antique Armour Shop.
  6136 | D:5      | Killed Dowan
  6190 | D:5      | Noticed Menkaure
  6411 | D:5      | Found Jesioz's Antique Weapon Boutique.
  6649 | D:5      | Noticed Prince Ribbit
  6660 | D:5      | Noticed Duvessa
  6669 | D:5      | Slain by a scorpion

Illustrated notes

Levels and vault maps discovered:
D:1:      onia_arrival_handbag, layout_loops_ring
D:2:      layout_loops_ring
D:3:      kennysheep_big_flooded_room, layout_loops_ring, lemuel_crystal_altar,
          supply_closet_lemuel, nicolae_dithmenos_shadow_blocks
D:4:      layout_basic
D:5:      layout_rooms, grunt_temple_overflow_open, nicolae_gozag_seed_capital,
          temple_pool_b, serial_shops, shop_fountains, nicolae_shop_stone,
          nicolae_shop_waterfront, shop_statue, nicolae_shop_statue_plus,
          uniq_prince_ribbit1, uniq_menkaure, uniq_duvessa, uniq_eustachio

Skill      XL: |  1  2  3  4  5  6  7 |
---------------+----------------------+-----
Conjurations   | 4 5 |  5.9
Dodging        | 2 3 |  3.0
Spellcasting   | 2 3 |  3.5
Hexes          | 1 2 3 |  3.4
Armour         | 1 2 3 |  3.2
Polearms       | 1 |  1.7
Stealth        | |  1.7

Action                   |  1- 3 |  4- 6 |  7- 9 || total
-------------------------+-------+-------+-------++-------
Melee: Unarmed           |     1 |       |       ||     1
       Hand axe          |    15 |    42 |    13 ||    70
       Spear             |       |       |    30 ||    30
 Cast: Magic Dart        |    63 |     3 |       ||    66
       Searing Ray       |     5 |    34 |    13 ||    52
Evoke: Wand              |       |       |     1 ||     1
  Use: Scroll            |       |     6 |     1 ||     7
       Potion            |       |     3 |       ||     3
Armor: Robe              |     2 |       |       ||     2
       Leather armour    |     1 |     6 |       ||     7
       Ring mail         |       |    25 |    19 ||    44
Dodge: Dodged            |    22 |    59 |    42 ||   123
Block: Other             |       |     8 |    15 ||    23
       Reflection        |       |       |     1 ||     1
